[Event "Titled Tuesday Blitz July 4 Early 2023"]
[White "Zavgorodniy, Sergiy"]
[Black "Bachmann, Axel"]
[WhiteFideId "14110148"]
[BlackFideId "3700488"]
[WhiteElo "2541"]
[BlackElo "2801"]
[Result "1-0"]
[Round "2"]
[TimeControl "180+2"]
[Date "2023.07.04"]
[WhiteClock "0:00:06"]
[BlackClock "0:00:00"]
[Board "57"]

1. e4 c5 2. Nf3 e6 3. d3 Nc6 4. g3 d5 5. Qe2 Nge7 6. Bg2 g6 7. O-O Bg7 8. c3 b6 9. e5 Qc7 10. Re1 h6 11. h4 a5 12. a4 Ba6 13. Na3 Rb8 14. Nb5 Bxb5 15. axb5 Na7 16. c4 Nac8 17. Nh2 dxc4 18. dxc4 Nf5 19. h5 Nd4 20. Qe4 Ne7 21. Ng4 gxh5 22. Nf6+ Bxf6 23. exf6 Ng6 24. Be3 Nf5 25. Qxf5 exf5 26. Bf4+ Kd8 27. Rad1+ Kc8 28. Bxc7 Kxc7 29. Bh3 Rhe8 30. Bxf5 Ne5 31. Kg2 Rbd8 32. b3 a4 33. Rxd8 Kxd8 34. Rd1+ Kc7 35. f4 axb3 36. fxe5 Rxe5 37. Bb1 Re2+ 38. Kf3 Re6 39. Kf4 Rxf6+ 40. Bf5 b2 41. Rb1 Rd6 42. Rxb2 Rd4+ 43. Ke5 Rxc4 44. Ra2 Rc3 45. Ra7+ Kb8 46. Rxf7 Rxg3 47. Be4 Re3 48. Kd5 c4 49. Rf8+ Kc7 50. Rf7+ Kd8 51. Kd4 Re1 52. Bd5 h4 53. Rh7 Rd1+ 54. Kxc4 Rc1+ 55. Kd4 Rb1 56. Ke5 Ke8 57. Kd6 Kf8 58. Rxh6 Rxb5 59. Rg6 1-0


[Site "https://www.chess.com"]

[Event "Titled Tuesday Blitz July 4 Early 2023"]
[White "Lin, Dachey"]
[Black "David, Bogdan-Emanuel"]
[WhiteFideId "2029650"]
[BlackFideId "1229907"]
[WhiteElo "2798"]
[BlackElo "2540"]
[Result "1-0"]
[Round "2"]
[TimeControl "180+2"]
[Date "2023.07.04"]
[WhiteClock "0:01:47"]
[BlackClock "0:00:40"]
[Board "58"]

1. g4 e6 2. d4 c5 3. c3 d5 4. Bg2 cxd4 5. cxd4 Bd6 6. Nc3 Nc6 7. Nf3 a6 8. O-O Nge7 9. Bg5 h5 10. h3 hxg4 11. hxg4 Qc7 12. Re1 Ng6 13. e4 dxe4 14. Nxe4 Bh2+ 15. Kf1 Bd7 16. Rc1 Qa5 17. Nxh2 Rxh2 18. Qf3 f6 19. Bxf6 gxf6 20. Qxf6 Nge7 21. Nd6+ Kd8 22. Nxb7+ Ke8 23. Nxa5 Rxg2 24. Nxc6 Bxc6 25. Rxc6 Rh2 26. Rcxe6 Rh1+ 27. Kg2 Rxe1 28. Rxe1 Ra7 29. d5 Kd8 30. d6 1-0


[Site "https://www.chess.com"]

[Event "Titled Tuesday Blitz July 4 Early 2023"]
[White "Palczert, Matyas"]
[Black "Mekhitarian, Krikor Sevag"]
[WhiteFideId "784958"]
[BlackFideId "2107660"]
[WhiteElo "2540"]
[BlackElo "2797"]
[Result "1-0"]
[Round "2"]
[TimeControl "180+2"]
[Date "2023.07.04"]
[WhiteClock "0:00:09"]
[BlackClock "0:00:00"]
[Board "59"]

1. e4 e6 2. d4 d5 3. exd5 exd5 4. Nf3 Nf6 5. Bd3 Bd6 6. Qe2+ Be7 7. O-O O-O 8. Re1 Re8 9. Bg5 Be6 10. Nc3 Nbd7 11. Qd2 h6 12. Bh4 c5 13. dxc5 Nxc5 14. Nd4 Qb6 15. Nxe6 fxe6 16. Bg6 Red8 17. Qd4 a5 18. a3 Qc6 19. Bxf6 Bxf6 20. Qg4 Rd6 21. Rad1 Nd7 22. Bd3 Nc5 23. Bg6 Nd7 24. f4 Nf8 25. Bd3 Qb6+ 26. Kh1 Qxb2 27. Nb5 Rc6 28. f5 e5 29. Rb1 Qa2 30. Ra1 Qxa1 31. Rxa1 e4 32. Bxe4 dxe4 33. Re1 Rxc2 34. Qxe4 Rc6 35. Nd4 Rd6 36. Ne6 Re8 37. Qxb7 Nxe6 38. fxe6 Rdxe6 39. Rxe6 Rxe6 40. Qd5 Kf7 41. g3 a4 42. Qd7+ Be7 43. Qxa4 g5 44. Qc4 Kf6 45. a4 Re5 46. Qc3 Bd8 47. Kg2 g4 48. Qd4 Ba5 49. Qf4+ Rf5 50. Qxh6+ Ke5 51. Qg7+ Ke6 52. Qxg4 Kf6 53. Qd4+ Ke6 54. g4 Rd5 55. Qe4+ Kd6 56. h4 Bd2 57. g5 Bxg5 58. Qxd5+ Kxd5 59. hxg5 1-0


[Site "https://www.chess.com"]

[Event "Titled Tuesday Blitz July 4 Early 2023"]
[White "Mendonca, Leon Luke"]
[Black "Bruedigam, Martin"]
[WhiteFideId "35028561"]
[BlackFideId "24608033"]
[WhiteElo "2796"]
[BlackElo "2540"]
[Result "0-1"]
[Round "2"]
[TimeControl "180+2"]
[Date "2023.07.04"]
[WhiteClock "0:00:07"]
[BlackClock "0:00:54"]
[Board "60"]

1. e4 e5 2. Nf3 Nc6 3. Bc4 Bc5 4. d3 Nf6 5. h3 a6 6. a3 Ba7 7. Nc3 d6 8. Ne2 Be6 9. Bxe6 fxe6 10. Ng3 Qd7 11. O-O O-O 12. Re1 Qf7 13. Be3 Bxe3 14. Rxe3 a5 15. a4 b6 16. c3 h6 17. Qb3 Rae8 18. Qc4 Qd7 19. Rd1 Kh8 20. Qb3 Rf7 21. Rd2 Ref8 22. d4 exd4 23. cxd4 Nb4 24. Qd1 Qe8 25. b3 Ng8 26. Nh4 Ne7 27. Qg4 Rf4 28. Qxe6 Rxh4 29. d5 Rhf4 30. e5 Nexd5 31. Rxd5 Qxe6 0-1


[Site "https://www.chess.com"]

[Event "Titled Tuesday Blitz July 4 Early 2023"]
[White "Tikhonov, Viacheslav"]
[Black "Rustemov, Alexander"]
[WhiteFideId "44196407"]
[BlackFideId "4119002"]
[WhiteElo "2540"]
[BlackElo "2793"]
[Result "0-1"]
[Round "2"]
[TimeControl "180+2"]
[Date "2023.07.04"]
[WhiteClock "0:00:35"]
[BlackClock "0:01:35"]
[Board "61"]

1. d4 g6 2. e4 Bg7 3. Nc3 d6 4. h4 h6 5. Be3 a6 6. Qd2 b5 7. a3 Bb7 8. f4 Nf6 9. Nf3 Nxe4 10. Nxe4 Bxe4 11. h5 gxh5 12. Rxh5 Nd7 13. a4 Nf6 14. Rh1 Rb8 15. axb5 axb5 16. Be2 Qd7 17. Ra7 Nd5 18. c3 Qg4 19. Kf2 Rg8 20. Bxb5+ Kf8 21. Be2 Bxd4 22. Nh4 Qg3+ 0-1


[Site "https://www.chess.com"]

[Event "Titled Tuesday Blitz July 4 Early 2023"]
[White "Harsh Suresh"]
[Black "Richter, Paul"]
[WhiteFideId "45018464"]
[BlackFideId "2046350"]
[WhiteElo "2789"]
[BlackElo "2539"]
[Result "1-0"]
[Round "2"]
[TimeControl "180+2"]
[Date "2023.07.04"]
[WhiteClock "0:00:12"]
[BlackClock "0:00:00"]
[Board "62"]

1. e4 c5 2. Nc3 a6 3. g3 b5 4. Bg2 Bb7 5. Nge2 e6 6. O-O Nf6 7. d4 b4 8. Na4 Bxe4 9. Nxc5 Bxg2 10. Kxg2 Be7 11. Nd3 O-O 12. a3 bxa3 13. b3 Nc6 14. Bxa3 d5 15. Bxe7 Qxe7 16. Qc1 Rfc8 17. Qa3 Qa7 18. c3 a5 19. Ra2 Qb6 20. Rb1 Rab8 21. Nc5 h6 22. Nf4 e5 23. dxe5 Nxe5 24. Na4 Qc6 25. Kh3 Qd7+ 26. Kg2 Qc6 27. Kh3 Qd7+ 28. Kg2 Qg4 29. Re1 Qf3+ 30. Kg1 Neg4 31. Qb2 d4 32. cxd4 Rxb3 33. Qe2 Qxe2 34. Raxe2 Nd7 35. Nd5 Rcb8 36. Nc5 Nxc5 37. dxc5 Nf6 38. Nxf6+ gxf6 39. Rc2 Rc8 40. Re4 Rb5 41. Rg4+ Kf8 42. c6 Rb6 43. Rgc4 Ke7 44. Kg2 Rc7 45. h4 a4 46. Re4+ Kf8 47. Rxa4 Rbxc6 48. Re2 Kg7 49. Rg4+ Kh7 50. Rd2 Re6 51. Rd8 f5 52. Rgg8 Rg6 53. Rh8+ Kg7 54. h5 Rg5 55. Rdg8+ Kf6 56. Rxh6+ 1-0


[Site "https://www.chess.com"]

[Event "Titled Tuesday Blitz July 4 Early 2023"]
[White "Rodchenkov, Sergey D."]
[Black "Kaasen, Tor Fredrik"]
[WhiteFideId "4168712"]
[BlackFideId "1516647"]
[WhiteElo "2536"]
[BlackElo "2784"]
[Result "0-1"]
[Round "2"]
[TimeControl "180+2"]
[Date "2023.07.04"]
[WhiteClock "0:00:07"]
[BlackClock "0:00:44"]
[Board "63"]

1. e4 c5 2. Nf3 e6 3. d4 cxd4 4. Nxd4 Nc6 5. Nc3 Qc7 6. a3 a6 7. f4 Nxd4 8. Qxd4 d6 9. g4 h6 10. h4 Nf6 11. Be2 e5 12. Qd1 exf4 13. Bxf4 Be6 14. Qd2 Nxg4 15. Bxg4 Bxg4 16. Nd5 Qd8 17. Rg1 h5 18. Bg5 f6 19. Be3 Rc8 20. Rxg4 hxg4 21. O-O-O Be7 22. Qg2 O-O 23. Qxg4 Rf7 24. Rg1 Bf8 25. h5 Rc4 26. Qf5 Qe8 27. h6 Qxe4 28. Qxe4 Rxe4 29. hxg7 Bxg7 30. Bh6 Re5 31. Nf4 Kh7 32. Bxg7 Rxg7 33. Rh1+ Kg8 34. Kd2 Rg4 35. Nd3 Rg2+ 36. Kc3 Ree2 37. Rh5 Rxc2+ 38. Kd4 Rgd2 39. Rh4 Rxb2 40. Rg4+ Kf7 41. Rh4 Rb3 42. Rh7+ Kg6 43. Ke4 Rbxd3 0-1


[Site "https://www.chess.com"]

[Event "Titled Tuesday Blitz July 4 Early 2023"]
[White "Gavrilov, Maxim"]
[Black "Milikow, Yoav"]
[WhiteFideId "24271454"]
[BlackFideId "2822237"]
[WhiteElo "2534"]
[BlackElo "2780"]
[Result "1-0"]
[Round "2"]
[TimeControl "180+2"]
[Date "2023.07.04"]
[WhiteClock "0:00:22"]
[BlackClock "0:00:12"]
[Board "64"]

1. d4 d5 2. c4 e6 3. Nc3 Nf6 4. cxd5 exd5 5. Bg5 Bb4 6. Nf3 O-O 7. e3 Bf5 8. Qb3 Bxc3+ 9. bxc3 Nbd7 10. Qxb7 Rb8 11. Qa6 Rb2 12. Bb5 c6 13. Qxc6 Qb8 14. a4 Ne4 15. O-O Nb6 16. Bf4 Qd8 17. Bc7 Qe7 18. Bxb6 axb6 19. Qxb6 Nxc3 20. Qc5 Qxc5 21. dxc5 Nxb5 22. axb5 Bd3 23. Rfd1 Bxb5 24. Rxd5 Bc6 25. Rd6 Rfb8 26. h3 Be4 27. Rc1 Kf8 28. c6 Rb1 29. Rdd1 Rxc1 30. Rxc1 Ke7 31. Nd4 Rc8 32. f3 Bd5 33. e4 Ba2 34. Kf2 Kd6 35. Ke3 g6 36. c7 Kd7 37. Nb5 Bb3 38. Kd4 f6 39. Kc5 Ba4 40. Kb6 Re8 41. Na7 Re6+ 42. Kb7 1-0


[Site "https://www.chess.com"]

[Event "Titled Tuesday Blitz July 4 Early 2023"]
[White "Fier, Alexandr"]
[Black "Sreyas Payyappat"]
[WhiteFideId "2107139"]
[BlackFideId "46674969"]
[WhiteElo "2778"]
[BlackElo "2534"]
[Result "1-0"]
[Round "2"]
[TimeControl "180+2"]
[Date "2023.07.04"]
[WhiteClock "0:02:14"]
[BlackClock "0:00:08"]
[Board "65"]

1. d4 Nf6 2. Bg5 e6 3. e4 Be7 4. Nd2 c5 5. dxc5 Bxc5 6. Ngf3 Nc6 7. Bd3 h6 8. Bh4 d6 9. O-O O-O 10. c3 Re8 11. h3 a6 12. Qc2 b5 13. Rad1 Ne5 14. Nxe5 dxe5 15. Nb3 Bd6 16. Qd2 Be7 17. Bg3 Qc7 18. Kh1 Bb7 19. Qe2 Rad8 20. f4 exf4 21. Bxf4 e5 22. Bh2 Rd7 23. Nd4 Red8 24. Nf5 Qc6 25. Bxe5 Nxe4 26. Nxe7+ Rxe7 27. Bxe4 Rxd1 28. Bxc6 Rxf1+ 29. Qxf1 Bxc6 30. Bd4 Bd5 31. b3 Re4 32. Kh2 f6 33. Qf2 Kf7 34. Qf5 Bc6 35. Qc8 Bd5 36. Qd7+ 1-0


[Site "https://www.chess.com"]

[Event "Titled Tuesday Blitz July 4 Early 2023"]
[White "Brunner, Nicolas"]
[Black "Tristan, Leonardo"]
[WhiteFideId "620246"]
[BlackFideId "113816"]
[WhiteElo "2534"]
[BlackElo "2771"]
[Result "0-1"]
[Round "2"]
[TimeControl "180+2"]
[Date "2023.07.04"]
[WhiteClock "0:00:00"]
[BlackClock "0:00:08"]
[Board "66"]

1. Nf3 d5 2. g3 Nf6 3. Bg2 Bf5 4. O-O e6 5. d3 Be7 6. c4 c6 7. cxd5 exd5 8. Nc3 O-O 9. Nd4 Bg6 10. e4 dxe4 11. dxe4 Nbd7 12. Bf4 Qb6 13. Nb3 Rad8 14. Qe2 Rfe8 15. Rad1 Bb4 16. Be3 Qc7 17. f3 Ne5 18. Bg5 Be7 19. Kh1 h6 20. Be3 b5 21. Bc5 Nc4 22. Qf2 Bxc5 23. Nxc5 Qb6 24. b3 Ne5 25. b4 a5 26. a3 axb4 27. axb4 Ra8 28. Ra1 Rxa1 29. Rxa1 Nfd7 30. Ra6 Qd8 31. Nb7 Qc8 32. Ra7 Qb8 33. Na5 c5 34. Rb7 Qd6 35. Nxb5 Qd1+ 36. Qf1 Qxf1+ 37. Bxf1 cxb4 38. Nd6 Ra8 39. Nac4 Ra1 40. Kg2 Ra2+ 41. Kh3 Rf2 42. Bg2 Nxc4 43. Nxc4 Nc5 44. Rxb4 Nd3 45. Rb8+ Kh7 46. Ne3 Re2 47. Ng4 h5 48. Bf1 hxg4+ 49. Kxg4 Re3 50. h4 Ne5+ 51. Kg5 Rxf3 52. h5 f6+ 53. Kh4 Rxf1 54. hxg6+ Kxg6 0-1


[Site "https://www.chess.com"]

[Event "Titled Tuesday Blitz July 4 Early 2023"]
[White "Karamsetty, Jeevan"]
[Black "Dvirnyy, Danyyil"]
[WhiteFideId "2025337"]
[BlackFideId "817570"]
[WhiteElo "2533"]
[BlackElo "2766"]
[Result "1/2-1/2"]
[Round "2"]
[TimeControl "180+2"]
[Date "2023.07.04"]
[WhiteClock "0:00:14"]
[BlackClock "0:00:04"]
[Board "67"]

1. e4 d6 2. d4 Nf6 3. Bd3 e5 4. c3 Nc6 5. Ne2 d5 6. exd5 Qxd5 7. O-O exd4 8. cxd4 Bd6 9. Nbc3 Qh5 10. Nf4 Qxd1 11. Rxd1 Nxd4 12. Bb5+ Nxb5 13. Nxb5 O-O 14. Nxd6 Rd8 15. Be3 cxd6 16. Bd4 Ne8 17. Rac1 Bd7 18. Nd5 Be6 19. Be3 Bxd5 20. Rxd5 Rac8 21. Rcd1 a6 22. h4 Rc2 23. Bd4 Nc7 24. Rg5 Ne6 25. Bf6 Nxg5 26. Bxd8 Ne6 27. Rxd6 Rxb2 28. a4 Rb4 29. a5 Rd4 30. Rxd4 Nxd4 31. g3 f5 32. Kg2 Kf7 33. Bb6 Nc6 34. Kf3 Ke6 35. Kf4 Ne5 36. Bd4 Nc6 37. Bb6 g6 38. Kg5 Kf7 39. Kh6 Kg8 40. h5 Ne5 41. hxg6 hxg6 42. Bc7 Ng4+ 43. Kxg6 Nxf2 44. Kxf5 Kf7 45. Ke5 Ke7 46. Kd5 Kd7 47. Bb6 Ng4 48. Ke4 Ke6 49. Kf4 Nf6 50. Kg5 Ne4+ 51. Kf4 Nf6 52. Kg5 Ne4+ 53. Kf4 Nf6 1/2-1/2


[Site "https://www.chess.com"]

[Event "Titled Tuesday Blitz July 4 Early 2023"]
[White "Cabarkapa, Novak"]
[Black "Demin, Vladimir"]
[WhiteFideId "943746"]
[BlackFideId "4167457"]
[WhiteElo "2765"]
[BlackElo "2533"]
[Result "1-0"]
[Round "2"]
[TimeControl "180+2"]
[Date "2023.07.04"]
[WhiteClock "0:00:18"]
[BlackClock "0:00:20"]
[Board "68"]

1. e4 e5 2. Nf3 Nc6 3. Bc4 Bc5 4. c3 Nf6 5. d3 d6 6. Bb3 a6 7. h3 Ba7 8. Nbd2 Ne7 9. Nf1 Ng6 10. Ng3 Nf4 11. Bxf4 exf4 12. Ne2 Nh5 13. d4 Be6 14. Bxe6 fxe6 15. Qb3 Qe7 16. Qxb7 O-O 17. Qb3 Rab8 18. Qc2 e5 19. O-O-O Nf6 20. Rhe1 Qe6 21. Kb1 Rb7 22. Nc1 Rfb8 23. Nd3 Qc4 24. b3 Qc6 25. Nb2 Re8 26. dxe5 dxe5 27. Rd2 h6 28. Ka1 a5 29. Qd3 Kh7 30. Qc4 Qb6 31. Qa4 Qc5 32. Qc4 Qa3 33. Red1 Rbb8 34. Qa4 Qc5 35. Qc4 Qa3 36. Qxc7 Bb6 37. Qc4 Rbc8 38. Qb5 Ba7 39. Nc4 Qf8 40. Nd6 Rb8 41. Qxa5 Bb6 42. Qa4 Red8 43. Nxe5 Ra8 44. Qc6 Ba5 45. b4 Qg8 46. bxa5 Rxa5 47. Ndf7 Rda8 48. Qe6 Qb8 49. Qf5+ Kg8 50. Nxh6+ gxh6 51. Qg6+ Kh8 52. Nf7# 1-0


[Site "https://www.chess.com"]

[Event "Titled Tuesday Blitz July 4 Early 2023"]
[White "Suder, Jakub"]
[Black "Atakhan, Abtin"]
[WhiteFideId "1195310"]
[BlackFideId "22502203"]
[WhiteElo "2533"]
[BlackElo "2751"]
[Result "1-0"]
[Round "2"]
[TimeControl "180+2"]
[Date "2023.07.04"]
[WhiteClock "0:00:04"]
[BlackClock "0:00:01"]
[Board "69"]

1. d4 Nf6 2. c4 g6 3. Nc3 d5 4. cxd5 Nxd5 5. e4 Nxc3 6. bxc3 Bg7 7. Bc4 c5 8. Ne2 Nc6 9. Be3 O-O 10. h4 cxd4 11. cxd4 Qa5+ 12. Kf1 h5 13. Rc1 Bd7 14. f3 Qa3 15. Qb3 Qxb3 16. Bxb3 Na5 17. Kf2 Nxb3 18. axb3 e6 19. e5 Rfc8 20. Nc3 Bc6 21. Ne4 Bd5 22. b4 Bf8 23. Nd6 Bxd6 24. exd6 f6 25. b5 Kf7 26. Rhg1 Ke8 27. g4 hxg4 28. fxg4 Kd7 29. Bf4 g5 30. hxg5 fxg5 31. Be5 Rf8+ 32. Ke3 Rac8 33. Rxc8 Rxc8 34. Rf1 Rc3+ 35. Kd2 Rf3 36. Rc1 Rf2+ 37. Ke3 Rf3+ 38. Kd2 Rf2+ 39. Ke3 Rf3+ 40. Ke2 Rf7 41. Rc7+ Ke8 42. Rc8+ Kd7 43. Rb8 Rh7 44. Rg8 Bc4+ 45. Kd2 Bxb5 46. Rxg5 Bc6 47. Rg8 Rh1 48. g5 Rg1 49. Rg7+ Ke8 50. Bf6 Rg2+ 51. Ke3 Rg4 52. Re7+ Kf8 53. d7 Bxd7 54. Rxd7 a5 55. Rxb7 a4 56. Ra7 a3 57. Kf3 Rh4 58. Kg3 Re4 59. Ra8+ Kf7 60. Rxa3 Kg6 61. Ra7 Re3+ 62. Kf4 e5+ 63. Kxe3 1-0


[Site "https://www.chess.com"]

[Event "Titled Tuesday Blitz July 4 Early 2023"]
[White "Gorovets, Andrey"]
[Black "Liu, Casper"]
[WhiteFideId "13504037"]
[BlackFideId "1454153"]
[WhiteElo "2748"]
[BlackElo "2532"]
[Result "1-0"]
[Round "2"]
[TimeControl "180+2"]
[Date "2023.07.04"]
[WhiteClock "0:01:37"]
[BlackClock "0:00:41"]
[Board "70"]

1. Nf3 d6 2. d4 g6 3. c4 Bg7 4. Nc3 Nf6 5. g3 Bf5 6. Nh4 Bg4 7. h3 Bd7 8. Bg2 Qc8 9. Nf3 O-O 10. e4 Nc6 11. Be3 e5 12. d5 Ne7 13. c5 Ne8 14. Rc1 f5 15. Ng5 f4 16. Bd2 h6 17. Nf3 g5 18. g4 dxc5 19. Na4 b6 20. b4 Qa6 21. Nb2 Qxa2 22. Qc2 cxb4 23. Bxb4 Nd6 24. O-O Qa6 25. Qxc7 Bb5 26. Qxd6 Bxf1 27. Bxf1 1-0


[Site "https://www.chess.com"]

[Event "Titled Tuesday Blitz July 4 Early 2023"]
[White "Gunina, Valentina"]
[Black "Arencibia Monduy, Antonio"]
[WhiteFideId "4167570"]
[BlackFideId "3507939"]
[WhiteElo "2740"]
[BlackElo "2531"]
[Result "1-0"]
[Round "2"]
[TimeControl "180+2"]
[Date "2023.07.04"]
[WhiteClock "0:00:18"]
[BlackClock "0:00:00"]
[Board "71"]

1. e4 e6 2. d4 d5 3. Nc3 dxe4 4. Nxe4 Nd7 5. Nf3 Ngf6 6. Nxf6+ Nxf6 7. c3 Be7 8. Bd3 O-O 9. Qe2 b6 10. Bg5 Bb7 11. O-O-O c5 12. dxc5 Qc7 13. Qc2 h6 14. Bxf6 Bxf6 15. Bh7+ Kh8 16. Be4 Bxe4 17. Qxe4 Qxc5 18. Rd2 Rac8 19. Kb1 Rfd8 20. Rhd1 Rxd2 21. Rxd2 b5 22. a3 a5 23. Qb7 Rc7 24. Qa8+ Kh7 25. Qxa5 Ra7 26. Qb4 Qf5+ 27. Ka2 Ra4 28. Qb3 Rg4 29. Ne1 Qf4 30. Qc2+ g6 31. g3 Qc7 32. Qd3 Kg7 33. Qxb5 Re4 34. Nc2 Re5 35. Qb3 Rc5 36. Nb4 Re5 37. Qa4 Re1 38. Nc2 Qb7 39. Nxe1 Qh1 40. Nc2 Qc1 41. Rd7 Qf1 42. Qe4 Qa6 43. Nb4 Qc8 44. Qc6 Qe8 45. Nd3 Qb8 46. Nc5 1-0


[Site "https://www.chess.com"]

[Event "Titled Tuesday Blitz July 4 Early 2023"]
[White "Ismagilov, Damir"]
[Black "Shuvalova, Polina"]
[WhiteFideId "34199982"]
[BlackFideId "24171760"]
[WhiteElo "2529"]
[BlackElo "2739"]
[Result "1-0"]
[Round "2"]
[TimeControl "180+2"]
[Date "2023.07.04"]
[WhiteClock "0:00:45"]
[BlackClock "0:00:20"]
[Board "72"]

1. e4 c6 2. Nf3 d5 3. d3 g6 4. Nbd2 Bg7 5. g3 e5 6. Bg2 Ne7 7. O-O O-O 8. c3 h6 9. Re1 dxe4 10. dxe4 Be6 11. Nb3 Nd7 12. Be3 Qc7 13. Qc2 a5 14. Rad1 Rfd8 15. a3 a4 16. Nc1 b5 17. h4 Nb6 18. Rxd8+ Rxd8 19. Rd1 Nc4 20. Rxd8+ Qxd8 21. Bc5 Kh7 22. Qd3 Qxd3 23. Nxd3 Nc8 24. Nfe1 Kg8 25. Nc2 Bf8 26. Ne3 Bxc5 27. Nxc4 Bxc4 28. Nxc5 Nd6 29. Nd7 f6 30. Nxf6+ Kf7 31. Ng4 Ke6 32. Nxh6 Bd3 33. Bh3+ Ke7 34. Ng8+ Kf7 35. Nh6+ Ke7 36. Ng4 Nc4 37. f4 exf4 38. gxf4 Bxe4 39. Ne5 Nxb2 40. Bd7 Kd6 41. Be8 Nd1 42. Bxg6 Bxg6 43. Nxg6 Nxc3 44. h5 Ke6 45. h6 Ne2+ 46. Kf2 Nxf4 47. Nxf4+ Kf7 48. Nd3 Kg6 49. Ke3 Kxh6 50. Kd4 Kg6 51. Kc5 Kf5 52. Kxc6 Ke4 53. Nb4 Kd4 54. Kxb5 Kc3 55. Kxa4 Kc4 56. Na2 Kc5 57. Kb3 Kb5 58. a4+ Ka5 59. Ka3 Kb6 60. Kb4 Ka6 61. Nc1 Kb6 62. Nb3 Ka6 63. a5 Ka7 64. Kb5 Kb7 65. Nd2 Ka7 66. Nc4 Ka8 67. Ne3 Ka7 68. Nd5 Kb7 69. Nc3 Ka7 70. a6 Ka8 71. Kb6 Kb8 72. Ne4 Ka8 73. Nc5 Kb8 74. Ne6 Ka8 75. Nc7+ Kb8 76. a7+ Kc8 77. a8=Q+ Kd7 78. Qc6+ Kd8 79. Na8 Ke7 80. Kc5 Kd8 81. Qc7+ Ke8 82. Kd6 Kf8 83. Ke6 Kg8 84. Kf6 Kh8 85. Qg7# 1-0


[Site "https://www.chess.com"]

[Event "Titled Tuesday Blitz July 4 Early 2023"]
[White "Novikov, Evgenij"]
[Black "Postny, Evgeny"]
[WhiteFideId "4125380"]
[BlackFideId "2804344"]
[WhiteElo "2529"]
[BlackElo "2737"]
[Result "1-0"]
[Round "2"]
[TimeControl "180+2"]
[Date "2023.07.04"]
[WhiteClock "0:00:49"]
[BlackClock "0:00:01"]
[Board "73"]

1. d4 d5 2. c4 c6 3. Nf3 Nf6 4. cxd5 cxd5 5. Nc3 Nc6 6. Bf4 a6 7. e3 Bg4 8. h3 Bxf3 9. Qxf3 e6 10. Bd3 h6 11. O-O Bd6 12. Rac1 O-O 13. Na4 Qb8 14. Bxd6 Qxd6 15. Nc5 Rab8 16. Qe2 a5 17. Bb5 Ne7 18. Qd2 b6 19. Nd3 Ne4 20. Qe2 Rfc8 21. Ne5 f6 22. Nd3 Nf5 23. a4 g6 24. Ba6 Rc6 25. Bb5 Rcc8 26. Ba6 Rxc1 27. Rxc1 Kg7 28. Qc2 h5 29. Nf4 Kh6 30. Qc7 Re8 31. Qf7 1-0


[Site "https://www.chess.com"]

[Event "Titled Tuesday Blitz July 4 Early 2023"]
[White "Fernandez Guillen, Ernesto J."]
[Black "Shvedova, Alexandra"]
[WhiteFideId "3512428"]
[BlackFideId "54154782"]
[WhiteElo "2736"]
[BlackElo "2529"]
[Result "0-1"]
[Round "2"]
[TimeControl "180+2"]
[Date "2023.07.04"]
[WhiteClock "0:00:00"]
[BlackClock "0:00:20"]
[Board "74"]

1. e4 e5 2. Nf3 Nc6 3. d4 exd4 4. Bc4 Bc5 5. O-O d6 6. c3 dxc3 7. Nxc3 Nf6 8. a3 Bg4 9. Be2 Qd7 10. b4 Bb6 11. Bb2 O-O-O 12. Rc1 Bxf3 13. Bxf3 Nd4 14. a4 Nxf3+ 15. Qxf3 a6 16. a5 Bd4 17. Rfd1 Be5 18. h3 Kb8 19. Qd3 Rhe8 20. f3 Nh5 21. b5 axb5 22. Ba3 Nf4 23. Qf1 Re6 24. Nxb5 c6 25. Nd4 Rg6 26. g4 h5 27. Nf5 hxg4 28. hxg4 Rh8 29. Rb1 Qd8 30. Rxb7+ Kxb7 31. Rb1+ Ka7 32. Qf2+ Ka8 33. Qf1 Qxa5 34. Bxd6 Qa7+ 35. Qf2 Nh3+ 0-1


[Site "https://www.chess.com"]

[Event "Titled Tuesday Blitz July 4 Early 2023"]
[White "Principe, Gerson"]
[Black "Samunenkov, Ihor"]
[WhiteFideId "3804550"]
[BlackFideId "14187086"]
[WhiteElo "2523"]
[BlackElo "2729"]
[Result "0-1"]
[Round "2"]
[TimeControl "180+2"]
[Date "2023.07.04"]
[WhiteClock "0:00:00"]
[BlackClock "0:00:02"]
[Board "75"]

1. d4 d5 2. Nf3 e6 3. Bf4 Nf6 4. e3 Bd6 5. Bxd6 Qxd6 6. c3 O-O 7. Nbd2 b6 8. Bd3 Bb7 9. O-O Nbd7 10. a4 a5 11. Re1 Ne4 12. Bxe4 dxe4 13. Nc4 Qd5 14. Nfd2 e5 15. Qc2 f5 16. Rad1 exd4 17. cxd4 Rac8 18. Nf1 Ba6 19. b3 Rf6 20. Qa2 Qf7 21. Ng3 Bb7 22. Ne2 Bd5 23. Nf4 Re8 24. Rc1 g5 25. Nxd5 Qxd5 26. Qe2 c6 27. Nd2 Kh8 28. Qc4 Qd6 29. g3 c5 30. Red1 cxd4 31. Qxd4 Qxd4 32. exd4 Rd6 33. Nc4 Rc6 34. d5 Rc5 35. d6 Rec8 36. Rb1 Kg7 37. Rb2 Kf6 38. Rbd2 Ke6 39. Kf1 h6 40. Ke2 b5 41. axb5 Rxb5 42. Ne3 Rxb3 43. Nd5 a4 44. Nc7+ Kf7 45. Rd5 Kf6 46. Ra5 a3 47. Rdd5 Rf3 48. Rd2 Rb8 0-1


[Site "https://www.chess.com"]

[Event "Titled Tuesday Blitz July 4 Early 2023"]
[White "Wagner, Dennis"]
[Black "Sandro970"]
[WhiteFideId "24650684"]
[WhiteElo "2725"]
[BlackElo "2500"]
[Result "1-0"]
[Round "2"]
[TimeControl "180+2"]
[Date "2023.07.04"]
[WhiteClock "0:00:35"]
[BlackClock "0:00:06"]
[Board "76"]

1. e4 d6 2. d4 Nf6 3. Nc3 Nbd7 4. f4 e5 5. Nf3 exd4 6. Qxd4 c6 7. Bc4 d5 8. exd5 Bc5 9. Qd3 O-O 10. dxc6 Re8+ 11. Kf1 bxc6 12. Bd2 Ng4 13. Ng5 Ndf6 14. Bxf7+ Kh8 15. Bxe8 Qxe8 16. Re1 Qg8 17. Re2 a5 18. Qf3 Ba6 19. Qxc6 Bxe2+ 20. Nxe2 Qc4 21. Qxa8+ Ng8 22. b3 1-0


[Site "https://www.chess.com"]

[Event "Titled Tuesday Blitz July 4 Early 2023"]
[White "Kupervaser, Erez"]
[Black "Kourkoulos-Arditis, Stamatis"]
[WhiteFideId "2814587"]
[BlackFideId "4221990"]
[WhiteElo "2500"]
[BlackElo "2721"]
[Result "0-1"]
[Round "2"]
[TimeControl "180+2"]
[Date "2023.07.04"]
[WhiteClock "0:00:00"]
[BlackClock "0:00:04"]
[Board "77"]

1. e4 c5 2. Nf3 e6 3. d4 cxd4 4. Nxd4 Nf6 5. Nc3 d6 6. g4 h6 7. Rg1 Be7 8. h4 d5 9. exd5 Nxd5 10. Nxd5 exd5 11. Nf5 Bxf5 12. gxf5 Bxh4 13. Rxg7 Nc6 14. Qe2+ Kf8 15. Rg4 Bf6 16. c3 Qa5 17. Be3 d4 18. Bd2 Re8 19. Re4 Rxe4 20. Qxe4 dxc3 21. bxc3 Bxc3 22. Rd1 Kg7 23. f6+ Kf8 24. Be2 Bxd2+ 25. Rxd2 Qc3 26. Qf5 Nd4 27. Qd5 Ne6 28. Kf1 Qxf6 29. Qxb7 Kg7 30. Qxa7 Rc8 31. Qe3 Nf4 32. Qg3+ Kf8 33. Bf3 Rc3 34. Qg4 h5 35. Qg3 Qf5 36. Re2 Rc1+ 0-1


[Site "https://www.chess.com"]

[Event "Titled Tuesday Blitz July 4 Early 2023"]
[White "Rakhimzhan_Alen"]
[Black "Miszler, Levente"]
[BlackFideId "763276"]
[WhiteElo "2718"]
[BlackElo "2485"]
[Result "1-0"]
[Round "2"]
[TimeControl "180+2"]
[Date "2023.07.04"]
[WhiteClock "0:00:07"]
[BlackClock "0:00:30"]
[Board "78"]

1. d4 Nf6 2. c4 e6 3. Nf3 b6 4. Nc3 Bb7 5. e3 Ne4 6. Bd3 Bb4 7. O-O Bxc3 8. bxc3 f5 9. Ne1 d6 10. f3 Nf6 11. Qe2 e5 12. c5 bxc5 13. Bxf5 cxd4 14. exd4 O-O 15. dxe5 dxe5 16. Qxe5 Nc6 17. Qb5 Rb8 18. Nc2 Kh8 19. Qc4 Ne5 20. Qh4 Qd5 21. Ba3 Rfe8 22. Rad1 Qa5 23. Bb4 Qxa2 24. Nd4 Nc4 25. Be6 Rxe6 26. Nxe6 Ne3 27. Nf4 Nxd1 28. Rxd1 Re8 29. Bc5 Qc2 30. Rf1 Qxc3 31. Ng6+ Kg8 32. Bd4 Qc2 33. Bxf6 Qxg6 34. Bd4 Re2 35. Qd8+ Kf7 36. Qxc7+ Kg8 37. Qb8+ Qe8 38. Qxb7 Re7 39. Qb3+ Kh8 40. Bf2 h6 41. Qa3 Kh7 42. h3 Qd7 43. Qa6 Rf7 44. Re1 Qd2 45. Qe2 Qd6 46. Qe4+ g6 47. Qe6 Qc7 48. h4 h5 49. Qe4 Qd7 50. Qc4 Qb7 51. Rd1 Qe7 52. Qe4 Qc7 53. Rd5 Qc1+ 54. Kh2 Qc7+ 55. Bg3 Qb7 56. Rxh5+ Kg8 57. Qxg6+ Rg7 58. Qe8# 1-0


[Site "https://www.chess.com"]